 Dungeon Crawl Stone Soup version 0.20-a0-785-g17250f0 (webtiles) character file.

25445 Duffy the Severer (level 13, -6/122 HPs)
             Began as a Naga Gladiator on Feb 27, 2017.
             Was an Elder of Makhleb.
             Mangled by a hell hog (7 damage)
             ... on level 3 of the Abyss.
             The game lasted 00:20:43 (16291 turns).

Duffy the Severer (Naga Gladiator)                 Turns: 16291, Time: 00:20:44

Health: -6/122     AC: 30    Str: 22    XL:     13   Next: 19%
Magic:  16/16      EV:  4    Int:  9    God:    Makhleb [****..]
Gold:   787        SH:  0    Dex: 14    Spells: 12/12 levels left

rFire    . . .     SeeInvis +   l - +1 battleaxe (flame)
rCold    + . .     Gourm    .   O - +0 plate armour {MR+}
rNeg     . . .     Faith    .   (shield currently unavailable)
rPois    +         Spirit   .   t - +2 hat
rElec    .         Reflect  .   r - +2 cloak
rCorr    .         Harm     .   y - +0 pair of gloves
MR       ++...                  m - +4 naga barding
Stlth    ..........             (no amulet)
Regen    0.3/turn               b - +2 ring of dexterity
MPRegen  0.2/turn               L - ring of protection from cold

@: about to teleport, very slow
A: beak, claws 1, see invisible, blink, deformed body, poison resistance,
slowness 2, slow metabolism 1, spit poison 1, constrict 1, AC +4
a: Spit Poison, Blink, Minor Destruction, Lesser Servant of Makhleb, Major
Destruction, Renounce Religion


You were on level 3 of the Abyss.
You worshipped Makhleb.
Makhleb was greatly pleased with you.
You were hungry.

You visited 3 branches of the dungeon, and saw 14 of its levels.
You visited the Abyss 1 time.
You also visited: Sewer.

You collected 787 gold pieces.

Inventory:

Hand Weapons
 l - a +1 battleaxe of flaming (weapon)
 B - a +0 blowgun
Missiles
 k - 2 throwing nets (quivered)
 E - 8 tomahawks of dispersal
Armour
 c - a +0 helmet
 m - a +4 naga barding (worn)
 r - a +2 cloak (worn)
 t - a +2 hat (worn)
 y - a +0 pair of gloves (worn)
 O - a +0 plate armour of magic resistance (worn)
Jewellery
 b - a +2 ring of dexterity (right hand)
 L - a ring of protection from cold (left hand)
Wands
 d - a wand of disintegration (5/24)
 H - a wand of iceblast (6/15)
 K - a wand of iceblast (1/15)
Scrolls
 a - a scroll of noise {unknown}
 e - 5 scrolls of fog
 o - a scroll of recharging
 p - 3 scrolls of teleportation
 q - 8 scrolls of remove curse
 u - a scroll of silence {unknown}
 v - 2 scrolls of fear
 w - a scroll of immolation {unknown}
 x - 2 scrolls of enchant weapon
 A - a scroll of random uselessness {unknown}
 D - 2 scrolls of enchant armour
 P - 2 scrolls of blinking
 R - 3 scrolls of magic mapping
 T - a scroll of brand weapon
Potions
 g - 2 potions of agility
 h - a potion of mutation
 i - 6 potions of might
 j - 3 potions of heal wounds
 s - a potion of resistance
 C - 5 potions of flight
 F - 4 potions of invisibility
 G - 4 potions of curing
 Q - a potion of berserk rage
Comestibles
 f - 9 bread rations
 n - 2 meat rations
 z - 8 fruits
 M - 10 royal jellies


   Skills:
 + Level 9.7 Fighting
 * Level 15.4 Axes
 - Level 1.7 Throwing
 + Level 9.3 Armour
 - Level 2.4 Dodging
 - Level 5.0 Invocations


You had 12 spell levels left.
You didn't know any spells.

Dungeon Overview and Level Annotations

Branches:
Dungeon (10/15)            Temple (1/1) D:5            Lair (3/6) D:9
  Swamp: Lair:2-4    Shoals: Lair:2-4     Snake: Lair:2-4    Spider: Lair:2-4
    Orc: D:9-12

Altars:
Ashenzari
Cheibriados
Dithmenos
Elyvilon
Fedhas
Gozag
Hepliaklqana
Kikubaaqudgha
Makhleb
Nemelex Xobeh
Okawaru
Qazlal
Ru
Sif Muna
Trog
Uskayaw
Vehumet
Wu Jian
Xom
Yredelemnul
Zin
The Shining One

Annotations:
D:3 exclusion: upstairs
Lair:1 1 exclusion
Lair:2 exclusion: 2 oklob plants
Lair:3 Sonja


Innate Abilities, Weirdness & Mutations

You cannot wear boots.
Your serpentine skin is tough. (AC +4)
You have supernaturally acute eyesight. (SInv)
Armour fits poorly on your strangely shaped body.
Your system is resistant to poisons. (rPois)
You cover ground very slowly.
You have a slow metabolism.
You can spit poison.
You can use your snake-like lower body to constrict enemies.
You have a beak for a mouth.
You have sharp fingernails.
You can translocate small distances at will.


Message History

3 hell hogs come into view.
As you read the scroll of teleportation, it crumbles to dust.
You feel strangely unstable.
You feel the power of the Abyss delaying your translocation!
The hell hog squeals angrily. x3
The hell hog breathes fire at you.
The fireball explodes!
The fireball engulfs you! The hell hog breathes fire at you.
The fireball explodes!
The fireball engulfs you!
You hear a trumpeting!
You hear a chilling moan.
You hear a roar! x2
Okay, then.
Unknown command.
The hell hog bites you but does no damage. x2
The hell hog bites you!
You slash the hell hog! You grab the hell hog.
The hell hog is lightly wounded.
You hit the hell hog. You slice the hell hog!! You constrict the hell hog.
The hell hog bites you but does no damage.
The hell hog bites you! x2
You die...

# . . 0 . ## ..
.###.#
#.###0##.#
#......#
###..#..#.#
#....#.h.##
#...h@#..#
#...#.h#...0...
#.##... .#..0.~
##.. #...#..
0.. ..## . 0#0.
.## ### 0# .# #


You could see 3 hell hogs.

Vanquished Creatures
  Harold (Lair:1)
  The ghost of azzavlup the Covert, a journeyman KoHu of Cheibriados (Lair:2)
  A hydra (Lair:3)
  3 two-headed ogres
  A hell hog (Abyss:1)
  A sixfirhy (Abyss:3)
  The ghost of Voxish the Nimble, a novice MfMo of Wu Jian (D:6)
  A centaur zombie (D:9)
  Joseph (D:8)
  4 black mambas (Lair:2)
  Psyche (D:8)
  An elephant (Lair:2)
  6 spiny frogs
  2 komodo dragons
  2 rime drakes
  A queen bee (D:9)
  A troll (D:5)
  10 hippogriffs
  8 blink frogs
  Sigmund (D:2)
  A wyvern (Lair:2)
  9 yaks
  A vampire (D:10)
  2 hungry ghosts (D:7)
  2 steam dragons
  Menkaure (D:7)
  5 water moccasins
  5 porcupines (Lair:1)
  An ice beast (D:10)
  2 orc warriors
  2 phantoms
  2 sky beasts
  A black bear (D:6)
  A necrophage (D:8)
  7 centaurs
  6 ogres
  5 wolves (Lair:2)
  5 crocodiles
  A big kobold (Sewer)
  5 bullfrogs
  A gnoll sergeant (D:8)
  2 scorpions
  19 killer bees
  4 howler monkeys
  13 wights
  4 electric eels
  6 crimson imps
  A lava snake (Lair:3)
  2 bullfrog skeletons
  3 centaur skeletons
  9 hounds
  4 bullfrog zombies
  3 orc priests
  A jelly (D:10)
  8 orc wizards
  3 iguanas
  8 worker ants
  Terence (D:2)
  A killer bee zombie (D:5)
  A hound zombie (D:5)
  3 hound skeletons
  A howler monkey skeleton (D:9)
  A worker ant zombie (D:8)
  Robin (D:2)
  9 gnolls
  10 adders
  A river rat (D:4)
  A shadow imp (D:8)
  3 oozes
  An adder skeleton (D:5)
  2 worms
  A dart slug (D:1)
  7 leopard geckos
  29 orcs
  4 giant cockroaches
  13 goblins
  8 hobgoblins
  10 jackals
  16 kobolds
  5 quokkas
  2 ball pythons (D:4)
  A ball python zombie (D:5)
  7 bats
  4 frilled lizards
  3 jackal skeletons
  2 quokka skeletons
  14 rats
  A fungus (Lair:2)
  A plant (Lair:2)
367 creatures vanquished.

Vanquished Creatures (collateral kills)
  The ghost of Syneil the Tortoise, a journeyman MiFi of Wu Jian (Lair:2)
  A hydra (Lair:1)
  A porcupine (Lair:1)
3 creatures vanquished.

Vanquished Creatures (others)
  A quokka (D:8)
  3 fungi
  8 plants (Lair:2)
12 creatures vanquished.

Grand Total: 382 creatures vanquished

Notes
Turn   | Place    | Note
-------+----------+-------------------------------------------
     0 | D:1      | Duffy the Naga Gladiator began the quest for the Orb.
     0 | D:1      | Reached XP level 1. HP: 19/19 MP: 1/1
    76 | D:1      | Reached XP level 2. HP: 22/26 MP: 2/2
   644 | D:1      | Reached XP level 3. HP: 33/33 MP: 3/3
  1058 | D:2      | Noticed Sigmund
  1059 | D:2      | Noticed Terence
  1080 | D:2      | Killed Sigmund
  1080 | D:2      | Reached skill level 5 in Axes
  1080 | D:2      | Reached XP level 4. HP: 38/40 MP: 4/4
  1080 | D:2      | Reached XP level 5. HP: 44/46 MP: 5/5
  1087 | D:2      | Killed Terence
  1340 | D:2      | Noticed Robin
  1352 | D:2      | Reached XP level 6. HP: 54/55 MP: 6/6
  1363 | D:2      | Killed Robin
  1612 | D:2      | Found an opulent altar of Gozag.
  1633 | D:2      | Found a blossoming altar of Fedhas.
  2007 | D:2      | Found a radiant altar of Vehumet.
  2775 | D:4      | Found a stormy altar of Qazlal.
  2857 | D:4      | Found a glowing drain.
  2879 | Sewer    | Entered a sewer
  2974 | Sewer    | Reached skill level 6 in Axes
  2974 | Sewer    | Reached XP level 7. HP: 54/61 MP: 7/7
  3022 | Sewer    | Found a white marble altar of Elyvilon.
  3888 | D:5      | Entered Level 5 of the Dungeon
  4027 | D:5      | Found a staircase to the Ecumenical Temple.
  4061 | Temple   | Entered the Ecumenical Temple
  4161 | Temple   | Became a worshipper of Makhleb the Destroyer
  4204 | D:5      | Reached XP level 8. HP: 63/68 MP: 8/8
  4244 | D:5      | Reached skill level 7 in Axes
  4253 | D:5      | Noticed a troll
  4341 | D:6      | Found a glowing golden altar of the Shining One.
  4373 | D:6      | Found a sacrificial altar of Ru.
  4405 | D:6      | Reached skill level 5 in Armour
  4669 | D:6      | Noticed Voxish's ghost (novice MfMo)
  4721 | D:6      | Killed Voxish's ghost
  4721 | D:6      | Reached skill level 8 in Axes
  4815 | D:6      | Reached XP level 9. HP: 54/76 MP: 9/9
  5028 | D:6      | Reached * piety under Makhleb
  5572 | D:7      | Reached skill level 9 in Axes
  5602 | D:7      | Noticed Menkaure
  6050 | D:7      | Killed Menkaure
  6183 | D:7      | Reached skill level 5 in Fighting
  6471 | D:7      | Reached ** piety under Makhleb
  6471 | D:7      | Reached skill level 10 in Axes
  6834 | D:7      | Found a sparkling altar of Nemelex Xobeh.
  6956 | D:8      | Noticed Joseph
  6989 | D:7      | Reached XP level 10. HP: 89/92 MP: 10/10
  7014 | D:8      | Killed Joseph
  7284 | D:8      | Noticed Psyche
  7292 | D:8      | Killed Psyche
  7292 | D:8      | Reached skill level 11 in Axes
  7336 | D:8      | Found a sparkling altar of Nemelex Xobeh.
  7965 | D:8      | Noticed a two-headed ogre
  7976 | D:8      | Killed a two-headed ogre
  8524 | D:5      | Reached *** piety under Makhleb
  8524 | D:5      | Reached skill level 12 in Axes
  8971 | D:9      | Noticed a two-headed ogre
  8983 | D:9      | Reached skill level 1 in Invocations
  8991 | D:9      | Reached XP level 11. HP: 89/100 MP: 12/12
  8996 | D:9      | Killed a two-headed ogre
  9225 | D:9      | Found a shadowy altar of Dithmenos.
  9441 | D:9      | Noticed a two-headed ogre
  9455 | D:9      | Killed a two-headed ogre
  9687 | D:9      | Found a staircase to the Lair.
 10013 | D:10     | Entered Level 10 of the Dungeon
 10873 | D:10     | Reached **** piety under Makhleb
 11037 | D:10     | Reached skill level 13 in Axes
 11567 | D:10     | Reached skill level 5 in Invocations
 11654 | Lair:1   | Entered Level 1 of the Lair of Beasts
 11659 | Lair:1   | Noticed Harold
 11853 | Lair:1   | Killed Harold
 12034 | Lair:1   | Noticed an eight-headed hydra
 12043 | Lair:1   | Killed an eight-headed hydra
 12360 | Lair:1   | Reached XP level 12. HP: 108/110 MP: 15/15
 13389 | Lair:1   | Reached skill level 14 in Axes
 13604 | Lair:2   | Noticed Syneil's ghost (journeyman MiFi)
 13622 | Lair:2   | Killed Syneil's ghost
 13835 | Lair:2   | Noticed azzavlup's ghost (journeyman KoHu)
 13982 | Lair:2   | Killed azzavlup's ghost
 15405 | Lair:3   | Noticed a five-headed hydra
 15415 | Lair:3   | Killed a one-headed hydra
 15415 | Lair:3   | Reached skill level 15 in Axes
 15436 | Lair:3   | Gained mutation: You can use your snake-like lower body to constrict enemies. [Naga growth]
 15436 | Lair:3   | Reached XP level 13. HP: 112/121 MP: 16/16
 16037 | Lair:3   | Noticed Sonja
 16043 | Lair:3   | Cast into level 1 of the Abyss (Sonja)
 16043 | Abyss:1  | Found a corrupted altar of Lugonu.
 16157 | Abyss:3  | Gained mutation: You are dopey. (Int -2) [potion of mutation]
 16157 | Abyss:3  | Gained mutation: Your tail ends in a poisonous barb. [potion of mutation]
 16157 | Abyss:3  | Gained mutation: Your spells are a little harder to cast, but a little more powerful. [potion of mutation]
 16158 | Abyss:3  | Lost mutation: Your tail ends in a poisonous barb. [potion of mutation]
 16158 | Abyss:3  | Lost mutation: You are dopey. (Int -2) [potion of mutation]
 16158 | Abyss:3  | Gained mutation: Your skin changes colour to match your surroundings (Stealth+). [potion of mutation]
 16158 | Abyss:3  | Gained mutation: You have a pair of small horns on your head. [potion of mutation]
 16227 | Abyss:3  | Lost mutation: Your spells are a little harder to cast, but a little more powerful. [potion of mutation]
 16227 | Abyss:3  | Lost mutation: You have a pair of small horns on your head. [potion of mutation]
 16227 | Abyss:3  | Lost mutation: Your skin changes colour to match your surroundings (Stealth+). [potion of mutation]
 16227 | Abyss:3  | Gained mutation: You have sharp fingernails. [potion of mutation]
 16227 | Abyss:3  | Gained mutation: You can translocate small distances at will. [potion of mutation]
 16227 | Abyss:3  | Gained mutation: You have a beak for a mouth. [potion of mutation]
 16260 | Abyss:3  | Noticed a tentacled starspawn
 16291 | Abyss:3  | HP: 1/122 [hell hog (10)]
 16291 | Abyss:3  | Mangled by a hell hog

Vault maps used:
D:1:      lightli_arrival_windingriver, minivault_23, minmay_misc_feat_tower,
          minmay_tetromino_i4
D:2:      marbit_many_paths, fedhas_altar_3, nicolae_overflow_hidden_temple,
          first_bread, uniq_terence, uniq_robin, uniq_sigmund
D:4:      kennysheep_six_static_rooms, portal_sewer_entry_a, st_stairs_8,
          grunt_qazlal_sundering
D:5:      minmay_temple_entry_crystal_x
D:6:      lemuel_doored_altar, tso_altar
D:7:      nemelex_dance_club_becter, uniq_menkaure
D:8:      nicolae_whirlpool, lemuel_round_altar, uniq_psyche, uniq_joseph
D:9:      nicolae_overflow_crystal_walls, lair_entry_dummy
D:10:     david_nohive_1
Temple:   regret_index_temple_waves
Lair:1:   dragon1_lemuel, infiniplex_staircase_pool, lemuel_fruit_tree,
          uniq_harold, uniq_nergalle
Lair:2:   minmay_lair_oklob_chamber, wad_woods_river_01
Lair:3:   spider_nest_entry_funnel_web, grunt_megastairs_4, uniq_sonja
Sewer:    sewer_kobolds

Skill      XL: |  1  2  3  4  5  6  7  8  9 10 11 12 |
---------------+-------------------------------------+-----
Axes           | 5 6 8 10 12 13 15 | 15.4
Armour         | 2 3 4 6 7 9 |  9.3
Fighting       | 3 6 7 9 |  9.7
Invocations    | 1 5 |  5.0
Throwing       | |  1.7
Dodging        | |  2.4

Action                   |  1- 3 |  4- 6 |  7- 9 | 10-12 | 13-15 || total
-------------------------+-------+-------+-------+-------+-------++-------
Melee: War axe           |    65 |   167 |   462 |       |       ||   694
       Battleaxe         |       |       |    30 |   695 |    56 ||   781
       Morningstar       |       |       |       |     4 |       ||     4
       Constrict         |       |       |       |       |    15 ||    15
       Headbutt          |       |       |       |       |     1 ||     1
Throw: Throwing net      |     3 |       |       |     2 |       ||     5
Invok: Lesser Servant of |       |       |       |     7 |       ||     7
 Abil: Spit Poison       |     3 |     3 |     3 |     6 |       ||    15
Evoke: Wand              |       |       |       |     6 |       ||     6
  Use: Scroll            |     6 |     3 |     7 |     8 |     3 ||    27
       Potion            |     1 |       |       |     2 |     7 ||    10
 Stab: Held in net/web   |       |       |       |     1 |       ||     1
  Eat: Chunk             |       |     6 |    13 |     8 |     1 ||    28
       Royal jelly       |       |       |     2 |       |       ||     2
       Meat ration       |       |       |       |     3 |       ||     3
Armor: Leather armour    |    30 |     3 |       |       |       ||    33
       Scale mail        |       |   148 |   371 |    80 |       ||   599
       Plate armour      |       |       |       |   817 |    64 ||   881
Dodge: Dodged            |    37 |    67 |   157 |   175 |     9 ||   445
